 Dungeon Crawl Stone Soup version 0.22-a0 (webtiles) character file.

20 KristoblXynda the Charmwright (level 2, 0/14 HPs)
             Began as a Spriggan Skald on Jan 1, 2018.
             Killed by nerve-wracking pain
             ... invoked by Jessica
              (14 damage)
             ... on level 2 of the Dungeon.
             The game lasted 00:01:21 (977 turns).

KristoblXynda the Charmwright (Spriggan Skald)       Turns: 977, Time: 00:01:22

Health: 0/14       AC:  2    Str:  7    XL:     2   Next: 58%
Magic:  5/7        EV: 19    Int: 17    God:
Gold:   19         SH:  0    Dex: 15    Spells: 6/7 levels left

rFire    . . .     SeeInvis +   a - +0 short sword
rCold    . . .     Gourm    .   (shield restricted)
rNeg     . . .     Faith    .   b - +0 robe
rPois    .         Spirit   .   (helmet restricted)
rElec    .         Reflect  .   (no cloak)
rCorr    .         Harm     .   (gloves unavailable)
MR       .....                  (boots unavailable)
Stlth    +.........             (no amulet)
HPRegen  0.04/turn              f - ring of wizardry
MPRegen  0.10/turn              h - +3 ring of intelligence

@: infused, very quick
A: very small, unfitting armour, see invisible, herbivore, speed 3, slow
metabolism 2
a: no special abilities


You were on level 2 of the Dungeon.
You were not hungry.

You visited 1 branch of the dungeon, and saw 2 of its levels.

You collected 19 gold pieces.

Inventory:

Hand Weapons
 a - a +0 short sword (weapon)
Armour
 b - a +0 robe (worn)
Jewellery
 f - a ring of wizardry (left hand)
 h - a +3 ring of intelligence (right hand)
Scrolls
 e - a scroll of identify {unknown}
 g - 6 scrolls of teleportation {unknown}
Potions
 i - 2 potions of lignification {unknown}
Books
 c - a book of Battle

   Spells                             Type                      Level
   a - Infusion                       Charms                       1
   b - Shroud of Golubria             Charms/Translocation         2
   c - Song of Slaying                Charms                       2
   d - Spectral Weapon                Hexes/Charms                 3
   e - Regeneration                   Charms/Necromancy            3
Comestibles
 d - 4 rations


   Skills:
 - Level 1.5 Fighting
 + Level 2.6 Short Blades
 + Level 4.0 Dodging
 + Level 3.1 Spellcasting
 + Level 4.8 Charms


You had 6 spell levels left.
You knew the following spells:

 Your Spells              Type           Power        Failure   Level  Hunger
a - Infusion              Chrm           ###.         1%          1    None


Dungeon Overview and Level Annotations

Branches:
Dungeon (2/15)

Altars:

Annotations:
D:2 Jessica


Innate Abilities, Weirdness & Mutations

You are very small and have problems with some larger weapons.
You are too small for most types of armour.
You have supernaturally acute eyesight. (SInv)
You are a herbivore.
You cover ground extremely quickly.
You need consume almost no food.


Message History

Casting: Infusion
Confirm with . or Enter, or press ? or * to list all spells.
You begin infusing your attacks with magical energy.
You hit the hobgoblin.
The hobgoblin is moderately wounded.
The hobgoblin misses you.
You hit the hobgoblin.
You kill the hobgoblin!
You see here a hobgoblin corpse.
Jessica the Apprentice Sorceress comes into view.
She is wielding a dagger.
Jessica shouts!
Found a throwing net.
Jessica is nearby!
Jessica is nearby!
A rat comes into view.
Found a scroll labeled ZIFFYN ARAKH.
Jessica gestures at you while chanting. Pain shoots through your body!
Ouch! That really hurt!
You die...

.......
####.?.....
#..........
#..........
###........(r
#............
#..@.....#.
#..@....... ####
#.......... #...
#............
#.###........#...
#...#............
##<#.#............
#..#.###..........
#..#.###..........
##.#..............


You could see Jessica and a rat.

Vanquished Creatures
  An ooze (D:1)
  2 giant cockroaches (D:1)
  A goblin (D:1)
  3 hobgoblins
  A kobold (D:1)
  2 bats (D:1)
  5 rats (D:1)
15 creatures vanquished.

Notes
Turn   | Place    | Note
-------+----------+-------------------------------------------
     0 | D:1      | KristoblXynda the Spriggan Skald began the quest for the Orb.
     0 | D:1      | Reached XP level 1. HP: 10/10 MP: 5/5
   383 | D:1      | Reached XP level 2. HP: 11/14 MP: 6/6
   973 | D:2      | Noticed Jessica
   977 | D:2      | Killed from afar by Jessica

Vault maps used:
D:1:      shiori_arrival_oz, minivault_4, minmay_misc_feat_rows,
          serial_park_tiny_2, minmay_misc_feat_diagonals
D:2:      uniq_natasha, uniq_jessica, uniq_terence

Skill      XL: |  1  2 |
---------------+-------+-----
Spellcasting   | 3 |  3.1
Dodging        | 4 |  4.0
Fighting       | |  1.5
Short Blades   | |  2.6
Charms         | |  4.8

Action                   || total
-------------------------++-------
Melee: Short sword       ||    51
 Cast: Infusion          ||     3
 Stab: Sleeping          ||     2
Armor: Robe              ||     5
Dodge: Dodged            ||    39

Table legend:
 A = Spawn XP
 B = Non-spawn XP
 C = Spawn XP percentage of total XP
 D = Spawn monster count
 E = Non-spawn monster count
 F = Spawn count percentage of total count
 G = Total turns spent on level
                    A         B        C        D         E        F      G
               +---------+---------+-------+---------+---------+-------+---------
         Total |       0 |      29 |   0.0 |       0 |      15 |   0.0 |   977
               +---------+---------+-------+---------+---------+-------+---------
           D:1 |       0 |      27 |   0.0 |       0 |      14 |   0.0 |   950
           D:2 |       0 |       2 |   0.0 |       0 |       1 |   0.0 |    27
               +---------+---------+-------+---------+---------+-------+---------
